 Dungeon Crawl Stone Soup version 0.29.1-4-g47bece8355 (webtiles) character file.

Game seed: 4204107258855809164

95 GigaChad the Shield-Bearer (level 4, -17/41 HPs)
             Began as a Minotaur Fighter on Dec 9, 2022.
             Demolished by an ogre
             ... wielding a +0 giant club
              (27 damage)
             ... on level 4 of the Dungeon.
             The game lasted 00:02:57 (2157 turns).

GigaChad the Shield-Bearer (Minotaur Fighter)       Turns: 2157, Time: 00:02:58

Health: -17/41     AC:  7    Str: 22    XL:     4   Next: 40%
Magic:  3/3        EV:  9    Int:  5    God:
Gold:   175        SH:  4    Dex: 10    Spells: 3/3 levels left

rFire   . . .      SeeInvis .   a - +0 war axe
rCold   . . .      Faith    .   c - +0 buckler
rNeg    . . .      Spirit   .   b - +0 scale mail
rPois   .          Reflect  .   (helmet restricted)
rElec   .          Harm     .   (no cloak)
rCorr   .          Rampage  .   (no gloves)
Will    .....                   (no boots)
Stlth   ..........              (no amulet)
HPRegen 0.13/turn               (no ring)
MPRegen 0.08/turn               (no ring)

@: no status effects
A: horns 2, retaliatory headbutt
a: no special abilities


You were on level 4 of the Dungeon.
You visited 1 branch of the dungeon, and saw 4 of its levels.

You collected 175 gold pieces.

Inventory:

Hand Weapons
 a - a +0 war axe (weapon)
Armour
 b - a +0 scale mail (worn)
 c - a +0 buckler (worn)
 i - the +3 leather armour of the Trees {rElec Str+4 Stlth+}
   (You found it on level 2 of the Dungeon)

   Str:       It affects your strength (+4).
   rElec:     It insulates you from electricity.
   Stlth:     It makes you more stealthy.
Scrolls
 g - 2 scrolls of identify {unknown}
 h - a scroll of fog {unknown}
 k - a scroll of fear {unknown}
 l - a scroll of enchant weapon {unknown}
 m - a scroll of torment {unknown}
 o - a scroll of amnesia {unknown}
Potions
 d - a potion of might
 e - 3 potions of degeneration {unknown}
 f - 2 potions of haste {unknown}
 j - 2 potions of attraction {unknown}
 n - a potion of curing {unknown}


   Skills:
 + Level 4.4 Fighting
 + Level 3.6 Axes
 + Level 4.3 Armour
 * Level 4.4 Shields


You had 3 spell levels left.
You didn't know any spells.
Your spell library contained the following spells:

 Spells                   Type           Power      Damage    Failure   Level
 Sublimation of Blood     Necr           0%         N/A       95%         2
 Petrify                  Tmut/Erth      0%         N/A       100%        4
 Irradiate                Conj/Tmut      0%         3d11      100%        5


Dungeon Overview and Level Annotations

Branches:
Dungeon (4/15)
 Temple: D:4-7

Altars:


Innate Abilities, Weirdness & Mutations

You have a pair of horns on your head.
You reflexively headbutt those who attack you in melee.


Message History

The endoplasm freezes you.
You are frozen.
You slash the endoplasm!
You kill the endoplasm!
Found a dagger.
Found a stone staircase leading down.
You now have 162 gold pieces (gained 17).
You see here a +0 robe.
There is a stone staircase leading down here.
Found a stone staircase leading down.
You now have 175 gold pieces (gained 13).
There is a stone staircase leading down here.
You climb downwards.
Found a scroll labelled NAJYUD FAODGHUV.
Found a stone staircase leading down.
There is a stone staircase leading up here.
Found a leather armour.
o - a scroll labelled NAJYUD FAODGHUV
Found a stone staircase leading down.
Found a stone staircase leading down.
An ogre comes into view. It is wielding a +0 giant club.
The ogre shouts!
You hear a shout!
A goblin comes into view. It is wielding a +0 dagger.
You barely miss the ogre. The ogre hits you with a +0 giant club!
You closely miss the ogre. The ogre barely misses you.
You hit the ogre but do no damage. You headbutt the ogre!
The ogre is moderately wounded.
The ogre hits you with a +0 giant club!!
Ouch! That really hurt!
* * * LOW HITPOINT WARNING * * *
You barely miss the ogre.
The ogre is moderately wounded.
The ogre barely misses you.
You hit the ogre.
The ogre is moderately wounded.
You hit the ogre.
The ogre is heavily wounded.
The ogre hits you with a +0 giant club!!
Ouch! That really hurt!
You die...

##.#.. .....
#.... #. ...
.####> ...
...... #g# ....
#O# >.. #@# #
#.###.#.#
#####.......#
##.........###
........#.......
##.####.#.#####.
#. ##.#.#
#.###....#
#......#.#


You could see an ogre and a goblin.

Vanquished Creatures
  3 adders
  A worm (D:3)
  2 dart slugs
  An orc (D:2)
  5 bats
  6 endoplasms
  3 hobgoblins (D:3)
  3 quokkas
  8 ball pythons
  6 frilled lizards
  4 goblins
  11 kobolds
  5 rats
58 creatures vanquished.

Notes
Turn   | Place    | Note
-------+----------+-------------------------------------------
     0 | D:1      | GigaChad the Minotaur Fighter began the quest for the Orb.
     0 | D:1      | Reached XP level 1. HP: 19/19 MP: 0/0
   252 | D:1      | Reached XP level 2. HP: 26/27 MP: 1/1
   312 | D:1      | Found a faded altar of an unknown god.
   980 | D:2      | Reached XP level 3. HP: 33/33 MP: 2/2
  1080 | D:2      | Identified the +3 leather armour of the Trees {rElec Str+4
                  | Stlth+}
  1572 | D:3      | Reached XP level 4. HP: 38/40 MP: 3/3
  2149 | D:4      | Noticed an ogre
  2157 | D:4      | Demolished by an ogre

Illustrated notes

Levels and vault maps discovered:
D:1:      dpeg_arrival_boxes_within_box, layout_loops_ring,
          dreamdust_ecumenical_altar_angels_and_demons
D:2:      layout_rooms, chequers_avenue
D:3:      layout_loops_cross
D:4:      black_bear_nest_2, layout_loops_corners, grunt_ministairs_12,
          minmay_quantized

Skill      XL: |  1  2  3 |
---------------+----------+-----
Shields        | 4 |  4.4
Fighting       | 4 |  4.4
Armour         | 4 |  4.3
Axes           | 3 |  3.6

Action                   |  1- 3 |  4- 6 || total
-------------------------+-------+-------++-------
Melee: War axe           |    73 |    26 ||    99
       Headbutt          |     5 |     1 ||     6
Armor: Scale mail        |    51 |     7 ||    58
Dodge: Dodged            |    56 |    13 ||    69
Block: Buckler           |    23 |     1 ||    24
